 Dungeon Crawl Stone Soup version 0.26-a0-712-ga5a9c9c9d0 (webtiles) character file.

Game seed: 8705415564935543785

82 Descartes the Chiller (level 4, -3/24 HPs)
             Began as a Deep Elf Ice Elementalist on Nov 1, 2020.
             Slain by Sigmund
             ... wielding a +0 scythe
              (8 damage)
             ... on level 3 of the Dungeon.
             The game lasted 00:04:31 (2431 turns).

Descartes the Chiller (Deep Elf Ice Elementalist)   Turns: 2431, Time: 00:04:32

Health: -3/24      AC:  2    Str:  5    XL:     4   Next: 21%
Magic:  9/12       EV: 14    Int: 21    God:
Gold:   114        SH:  0    Dex: 15    Spells: 7/11 levels left

rFire    . . .     SeeInvis .   l - +1 dagger (drain)
rCold    . . .     Faith    .   (no shield)
rNeg     . . .     Spirit   .   k - +0 robe (curse)
rPois    .         Reflect  .   (no helmet)
rElec    .         Harm     .   (no cloak)
rCorr    .         Rampage  .   (no gloves)
MR       .....                  (no boots)
Stlth    ++........             (no amulet)
HPRegen  0.08/turn              (no ring)
MPRegen  0.13/turn              (no ring)

@: frozen ramparts
A: no striking features
a: no special abilities


You were on level 3 of the Dungeon.
You visited 1 branch of the dungeon, and saw 3 of its levels.

You collected 114 gold pieces.

Inventory:

Hand Weapons
 l - a +1 dagger of draining (weapon)
Missiles
 b - 182 stones (quivered)
 i - 11 poisoned darts
Armour
 a - a +0 robe
 c - a +0 leather armour
 k - a cursed +0 robe (worn)
Wands
 p - a wand of iceblast (12)
Scrolls
 d - 2 scrolls of fear {unknown}
 e - 2 scrolls of remove curse {unknown}
 f - a scroll of enchant weapon {unknown}
 g - a scroll of immolation {unknown}
 h - a scroll of teleportation {unknown}
 o - a scroll of magic mapping {unknown}
Potions
 j - a potion of might {unknown}
 m - a potion of haste {unknown}
 n - a potion of flight {unknown}
 q - a potion of berserk rage {unknown}


   Skills:
 + Level 3.7 Dodging
 - Level 2.4 Stealth
 + Level 4.2 Spellcasting
 + Level 5.1 Ice Magic


You had 7 spell levels left.
You knew the following spells:

 Your Spells              Type           Power        Failure   Level
a - Freeze                Ice            ####         1%          1
b - Frozen Ramparts       Ice            ####..       4%          3

Your spell library contained the following spells:

 Spells                   Type           Power        Failure   Level
 Ozocubu's Armour         Ice            ####....     4%          3
 Hailstorm                Conj/Ice       ###.....     38%         4
 Summon Ice Beast         Ice/Summ       ###.....     38%         4


Dungeon Overview and Level Annotations

Branches:
Dungeon (3/15)

Altars:

Annotations:
D:3 Sigmund


Message History

Confirm with . or Enter, or press ? or * to list all spells.
You can't see any susceptible monsters within range! (Use Z to cast anyway.) Unknown command.
Casting: Freeze (safe; 1% risk of failure)
Confirm with . or Enter, or press ? or * to list all spells.
You don't know that spell.
Unknown command.
Casting: Freeze (safe; 1% risk of failure)
Confirm with . or Enter, or press ? or * to list all spells.
You can't see any susceptible monsters within range! (Use Z to cast anyway.)
Casting: Freeze (safe; 1% risk of failure)
Confirm with . or Enter, or press ? or * to list all spells.
The spell is quite dangerous to cast (4% risk of failure)!
Continue anyway? [Y]es or [N]o only, please.
The spell is quite dangerous to cast (4% risk of failure)!
Continue anyway?
The walls around you are covered in ice.
The wall freezes something.
Something hits you!
* * * LOW HITPOINT WARNING * * *
The wall freezes something.
Something hits you!
You die...

# #...#........#
###.###.##.#####
#...#....#.#
#.#.##...#.#
#........#.#
#####....#.# #
#..#...# #
#..#.##########.#
#..#.#......@.{.#
#......##########
#.##.### #.##.#
#....# ######


There were no monsters in sight!

Vanquished Creatures
  A gnoll (D:1)
  2 adders (D:2)
  A worm (D:3)
  A dart slug (D:1)
  A leopard gecko (D:2)
  2 orcs (D:3)
  7 bats
  2 giant cockroaches
  8 goblins
  5 hobgoblins
  3 jackals (D:2)
  5 kobolds
  A frilled lizard (D:1)
  6 rats
45 creatures vanquished.

Notes
Turn   | Place    | Note
-------+----------+-------------------------------------------
     0 | D:1      | Descartes the Deep Elf Ice Elementalist began the quest for
                  | the Orb.
     0 | D:1      | Reached XP level 1. HP: 10/10 MP: 6/6
   266 | D:1      | Reached XP level 2. HP: 15/15 MP: 5/8
   754 | D:1      | Reached XP level 3. HP: 18/19 MP: 7/10
  1053 | D:2      | Reached skill level 5 in Ice Magic
  1149 | D:2      | Learned a level 3 spell: Frozen Ramparts
  1662 | D:3      | Reached XP level 4. HP: 23/24 MP: 9/12
  2424 | D:3      | Noticed Sigmund
  2431 | D:3      | Slain by Sigmund

Illustrated notes

Levels and vault maps discovered:
D:1:      dpeg_arrival_simpleton_a, layout_basic
D:2:      cheibrodos_old_hovel, layout_basic, st_stairs_7, serial_park_tiny_pond
D:3:      layout_basic, uniq_sigmund, uniq_terence

Skill      XL: |  1  2  3 |
---------------+----------+-----
Dodging        | 3 |  3.7
Spellcasting   | 4 |  4.2
Ice Magic      | 5 |  5.1
Stealth        | |  2.4

Action                   |  1- 3 |  4- 6 || total
-------------------------+-------+-------++-------
Melee: Unarmed           |     7 |       ||     7
       Dagger            |     1 |     1 ||     2
 Cast: Freeze            |    48 |    18 ||    66
       Frozen Ramparts   |       |     1 ||     1
Armor: Robe              |     6 |     1 ||     7
Dodge: Dodged            |    37 |    14 ||    51

Table legend: (Time is in decaauts)
 A = Elapsed time spent in this place.
 B = Non-inter-level travel time spent in this place.
 C = Inter-level travel time spent in this place.
 D = Time resting spent in this place.
 E = Time spent auto-exploring this place.
 F = Levels seen in this place.
 G = Mean time per level.
                   A        B        C        D        E       F      G
               +--------+--------+--------+--------+--------+-----+--------+
         Total |   2430 |   2386 |     44 |      0 |   2095 |   3 |  810.0 |
       Dungeon |   2430 |   2386 |     44 |      0 |   2095 |   3 |  810.0 |
               +--------+--------+--------+--------+--------+-----+--------+

Top non-repeatable levels by time:
     D:1: 896 daAuts
     D:3: 837 daAuts
     D:2: 696 daAuts
